 Dungeon Crawl Stone Soup version 0.25-a0-353-ged6d54792d (webtiles) character file.

Game seed: 5465427846471345687, levelgen mode: deterministic

1002 Esekla the Cutter (level 8, -8/40 HPs)
             Began as a Vine Stalker Assassin on Jan 1, 2020.
             Mangled by an orc warrior
             ... wielding a +0 halberd
              (16 damage)
             ... on level 6 of the Dungeon.
             The game lasted 00:30:39 (4171 turns).

Esekla the Cutter (Vine Stalker Assassin)           Turns: 4171, Time: 00:30:39

Health: -8/40      AC:  6    Str: 14    XL:     8   Next: 20%
Magic:  0/14       EV: 13    Int: 13    God:
Gold:   164        SH:  0    Dex: 16    Spells: 14/14 levels left

rFire    . . .     SeeInvis .   a - +2 dagger
rCold    . . .     Gourm    .   (no shield)
rNeg     . . .     Faith    .   b - +0 robe
rPois    .         Spirit   +   q - +1 helmet
rElec    .         Reflect  .   o - +1 cloak
rCorr    .         Harm     .   (no gloves)
MR       +....                  (no boots)
Stlth    ++++......             g - amulet of regeneration
HPRegen  0.93/turn              r - ring of stealth
MPRegen  0.14/turn              (no ring)

@: no status effects
A: fangs 3, regeneration 1, magic shield, antimagic bite, no potion heal 3, rot
immunity
a: no special abilities


You were on level 6 of the Dungeon.
You were very hungry.

You visited 1 branch of the dungeon, and saw 6 of its levels.

You collected 164 gold pieces.

Inventory:

Hand Weapons
 a - a +2 dagger (weapon)
 i - a +0 spear
 x - a +2 falchion of holy wrath
Missiles
 d - 13 poisoned darts (quivered)
 e - 9 curare-tipped darts
Armour
 b - a +0 robe (worn)
 o - a +1 cloak (worn)
 q - a +1 helmet (worn)
Jewellery
 g - an amulet of regeneration (around neck)
 r - a ring of stealth (left hand)
 v - an uncursed ring of positive energy {unknown}
Wands
 u - a wand of scattershot (4)
 y - a wand of flame (22)
Scrolls
 c - a scroll of fear {unknown}
 h - 4 scrolls of teleportation {unknown}
 j - 2 scrolls of enchant armour {unknown}
 k - 2 scrolls of identify
 m - a scroll of magic mapping {unknown}
 s - a scroll of remove curse {unknown}
 w - a scroll of random uselessness {unknown}
Potions
 l - a potion of agility {unknown}
 n - a potion of resistance {unknown}
 p - 2 potions of brilliance
 t - a potion of berserk rage {unknown}
 z - a potion of lignification {unknown}
 A - a potion of flight {unknown}
Comestibles
 f - 9 rations


   Skills:
 + Level 3.3 Fighting
 * Level 5.9 Short Blades
 + Level 3.1 Throwing
 + Level 2.6 Dodging
 - Level 5.0 Stealth
 * Level 3.6 Spellcasting


You had 14 spell levels left.
You didn't know any spells.
Your spell library was empty.

Dungeon Overview and Level Annotations

Branches:
Dungeon (6/15)
 Temple: D:4-7

Altars:
Elyvilon
Hepliaklqana
Kikubaaqudgha
Okawaru
Qazlal
Sif Muna
Wu Jian

Annotations:
D:5 Eustachio


Innate Abilities, Weirdness & Mutations

You have razor-sharp teeth.
Your natural rate of healing is unusually fast.
When hurt, damage is shared between your health and your magic reserves.
Your bite disrupts and absorbs the magic of your enemies.
Potions cannot restore your health.
You are immune to rotting.


Message History

The crimson imp closely misses you.
There is a stone staircase leading up here.
The black bear growls angrily.
A bullfrog and an orc priest come into view.
The orc priest calls down the wrath of Beogh upon you.
Beogh smites you!
The bullfrog moves out of view.
Found a ruby potion.
An ooze and an orc come into view.
A worker ant comes into view.
The worker ant moves out of view.
You closely miss the orc. The black bear bites you!
* * * LOW HITPOINT WARNING * * *
The black bear misses you. The black bear claws you.
* * * LOW HITPOINT WARNING * * *
As you read the scroll labeled OSAUNU AHALO, it crumbles to dust.
It is a scroll of identify.
p - 2 potions of brilliance The bullfrog gives a loud, deep croak!
The orc closely misses you.
The orc warrior hits you from afar with a +0 halberd!!
You die...

### !.. ###########
.... #.........#
..... #....†....#
.....######....######
..........†....#
.......5o.<....#
....##h###....# . #@#
###### #.o.....#
##o...... ..J....
.F..... a......
....... .......


You could see an orc warrior, a black bear, a bullfrog, a worker ant, an orc
priest, a crimson imp, an ooze and an orc.

Vanquished Creatures
  Pikel (D:3)
  3 slaves (D:3)
  A howler monkey (D:6)
  2 orc priests
  A crimson imp (D:5)
  2 orc wizards
  Crazy Yiuf (D:2)
  A bullfrog skeleton (D:4)
  An iguana (D:6)
  2 worker ants
  A hound skeleton (D:5)
  4 gnolls
  7 adders
  An ooze (D:2)
  2 adder skeletons (D:4)
  A dart slug (D:2)
  6 leopard geckos
  9 orcs
  5 ball pythons
  3 giant cockroaches
  8 goblins
  11 hobgoblins
  4 jackals
  14 kobolds
  A quokka (D:4)
  8 bats
  6 frilled lizards
  12 rats
118 creatures vanquished.

Vanquished Creatures (others)
  A human (D:2)
1 creature vanquished.

Grand Total: 119 creatures vanquished

Notes
Turn   | Place    | Note
-------+----------+-------------------------------------------
     0 | D:1      | Esekla the Vine Stalker Assassin began the quest for the
                  | Orb.
     0 | D:1      | Reached XP level 1. HP: 11/11 MP: 2/2
    25 | D:1      | Reached skill level 5 in Stealth
    82 | D:1      | Reached XP level 2. HP: 15/15 MP: 4/4
    90 | D:1      | Reached skill level 1 in Spellcasting
   299 | D:2      | Reached skill level 1 in Dodging
   324 | D:1      | Reached XP level 3. HP: 10/18 MP: 3/6
   605 | D:2      | Gained mutation: Your natural rate of healing is unusually
                  | fast. [Vine Stalker growth]
   605 | D:2      | Reached XP level 4. HP: 21/23 MP: 7/7
   778 | D:2      | Found an ancient bone altar of Kikubaaqudgha.
   778 | D:2      | Noticed a human
   782 | D:2      | Killed a human
   830 | D:2      | Found a shimmering blue altar of Sif Muna.
  1411 | D:2      | Reached XP level 5. HP: 26/26 MP: 9/9
  1473 | D:2      | Found a runed translucent door.
  1486 | D:2      | Noticed Crazy Yiuf
  1493 | D:2      | Killed Crazy Yiuf
  1964 | D:3      | Found a hazy altar of Hepliaklqana.
  2144 | D:3      | Reached XP level 6. HP: 32/32 MP: 10/10
  2409 | D:3      | You fall into a shaft and drop 1 floor!
  2474 | D:4      | Found an ornate altar of the Wu Jian Council.
  2541 | D:4      | Found a stormy altar of Qazlal.
  2935 | D:4      | Found a white marble altar of Elyvilon.
  2946 | D:4      | Noticed a slave
  3046 | D:5      | Entered Level 5 of the Dungeon
  3322 | D:4      | Noticed a slave
  3346 | D:3      | Found an iron altar of Okawaru.
  3725 | D:4      | Reached XP level 7. HP: 35/35 MP: 10/12
  3779 | D:4      | Noticed Pikel
  3930 | D:3      | Killed Pikel
  3930 | D:3      | Reached skill level 5 in Short Blades
  3930 | D:3      | Gained mutation: You have razor-sharp teeth. [Vine Stalker
                  | growth]
  3930 | D:3      | Reached XP level 8. HP: 35/40 MP: 7/14
  4115 | D:5      | Noticed Eustachio
  4171 | D:6      | Mangled by an orc warrior

Levels and vault maps discovered:
D:1:      dpeg_arrival_court, layout_rooms, minmay_pentomino_v4
D:2:      layout_loops_ring, lemuel_crystal_altar, mrwooster_statue_mirror,
          tgw_kikubaaqudgha, uniq_crazy_yiuf_cottage
D:3:      layout_basic, nicolae_overflow_crystal_walls, lemuel_round_altar
D:4:      layout_loops_corners, lemuel_round_altar, old_standard_altar,
          elyvilon_altar_1, first_ration, uniq_pikel
D:5:      layout_basic, lemuel_round_altar, uniq_eustachio
D:6:      layout_rooms, nicolae_ru_path_of_blood, sigmund_army, uniq_grinder

Skill      XL: |  1  2  3  4  5  6  7 |
---------------+----------------------+-----
Stealth        | 5 |  5.0
Spellcasting   | 1 2 3 |  3.6
Short Blades   | 2 3 4 5 |  5.9
Dodging        | 1 2 |  2.6
Fighting       | 2 3 |  3.3
Throwing       | 2 3 |  3.1

Action                   |  1- 3 |  4- 6 |  7- 9 || total
-------------------------+-------+-------+-------++-------
Melee: Dagger            |    81 |   248 |   121 ||   450
       Bite              |    13 |    57 |    47 ||   117
Throw: Dart              |    11 |    34 |       ||    45
  Use: Scroll            |       |       |     1 ||     1
 Stab: Sleeping          |     4 |    17 |     1 ||    22
  Eat: Chunk             |       |     6 |       ||     6
       Ration            |       |     1 |       ||     1
Armor: Robe              |    24 |    50 |    21 ||    95
Dodge: Dodged            |    52 |   107 |    56 ||   215

Table legend:
 A = Non-vault XP
 B = Vault XP
 C = Vault XP percentage of total XP
 D = Non-vault monster count
 E = Vault monster count
 F = Vault count percentage of total count
                 A         B        C        D         E       F
            +---------+---------+-------+---------+---------+-------
      Total |     758 |     674 |  47.1 |     110 |       5 |   4.3
            +---------+---------+-------+---------+---------+-------
        D:1 |      64 |       4 |   5.9 |      32 |       3 |   8.6
        D:2 |     123 |      41 |  25.0 |      27 |       1 |   3.6
        D:3 |     181 |     629 |  77.7 |      31 |       1 |   3.1
        D:4 |     198 |       0 |   0.0 |      15 |       0 |   0.0
        D:5 |      66 |       0 |   0.0 |       2 |       0 |   0.0
        D:6 |     126 |       0 |   0.0 |       3 |       0 |   0.0
            +---------+---------+-------+---------+---------+-------
